 Dungeon Crawl Stone Soup version 0.29.1-13-g9f3cf754e1 (webtiles) character file.

Game seed: 9144333103101912743

9 Chiseanne the Cudgeller (level 2, 15/21 HPs)
             Began as a Demonspawn Wanderer on Jan 30, 2023.
             Quit the game on level 1 of the Dungeon.
             The game lasted 00:00:41 (259 turns).

Chiseanne the Cudgeller (Demonspawn Wanderer)        Turns: 259, Time: 00:00:42

Health: 15/21      AC:  2    Str: 12    XL:     2   Next: 3%
Magic:  2/2        EV: 11    Int: 12    God:
Gold:   0          SH:  4    Dex: 13    Spells: 1/1 levels left

rFire   . . .      SeeInvis .   a - +2 mace
rCold   . . .      Faith    .   c - +0 buckler
rNeg    . . .      Spirit   .   e - +0 robe
rPois   .          Reflect  .   (no helmet)
rElec   .          Harm     .   (no cloak)
rCorr   .          Rampage  .   (no gloves)
Will    .....                   (no boots)
Stlth   +.........              (no amulet)
HPRegen 0.07/turn               (no ring)
MPRegen 0.08/turn               (no ring)

@: no status effects
A: claws 1
a: no special abilities


You were on level 1 of the Dungeon.
You visited 1 branch of the dungeon, and saw 1 of its levels.

Inventory:

Hand Weapons
 a - a +2 mace (weapon)
Missiles
 f - 6 stones (quivered)
Armour
 c - a +0 buckler (worn)
 e - a +0 robe (worn)
Scrolls
 b - a scroll of teleportation
 d - a scroll of blinking
 g - a scroll of brand weapon {unknown}
Potions
 h - a potion of cancellation {unknown}


   Skills:
 * Level 1.3 Fighting
 - Level 4.5 Maces & Flails
 * Level 0.5 Armour
 * Level 0.5 Dodging
 * Level 2.0 Shields
 - Level 1.7 Unarmed Combat


You had one spell level left.
You didn't know any spells.
Your spell library was empty.

Dungeon Overview and Level Annotations

Branches:
Dungeon (1/15)

Altars:


Innate Abilities, Weirdness & Mutations

You have sharp fingernails.


Message History

No target in view!
No target in view!
No target in view!
No target in view!
No target in view!
No target in view!
No target in view!
No target in view!
No target in view!
No target in view!
No target in view!
No target in view!
No target in view!
f - 6 stones (gained 1)
Things that are here:
a +0 short sword; a kobold corpse You see here a ball python corpse.
A kobold is nearby!
You see here a scroll labelled DOAWUZUXZI.
g - a scroll labelled DOAWUZUXZI You closely miss the kobold.
The jackal barks!
You block the kobold's attack. The kobold barely misses you.
You miss the kobold. The jackal closely misses you. The kobold misses you.
You thump the kobold!
You kill the kobold!
The jackal closely misses you. The jackal bites you.
Your Shields skill increases to level 2!
You barely miss the jackal. The jackal bites you.
The jackal closely misses you.
You hit the jackal.
The jackal is heavily wounded.
The jackal barely misses you.
You hit the jackal.
You kill the jackal!
You have reached level 2!
Your demonic ancestry asserts itself...
Your fingernails lengthen.
h - a yellow potion Are you sure you want to abandon this character and quit the game? (Confirm with "yes".)

.#........##
...........#
#..........#
#..........#
#..........#
#...?......#
#........#
###.##.....@).##
....#.........[#
#..#..........#
#.............#
.###............#
................#
.........†.....##
##..##.......##
#...#)#######


There were no monsters in sight!

Vanquished Creatures
  An endoplasm (D:1)
  2 jackals (D:1)
  3 kobolds (D:1)
  A ball python (D:1)
7 creatures vanquished.

Notes
Turn   | Place    | Note
-------+----------+-------------------------------------------
     0 | D:1      | Chiseanne the Demonspawn Wanderer began the quest for the
                  | Orb.
     0 | D:1      | Chiseanne set off with the following items: a +2 mace, a
                  | scroll of teleportation, a +0 buckler, a scroll of
                  | blinking, a +0 robe.
     0 | D:1      | Reached XP level 1. HP: 15/15 MP: 1/1
   257 | D:1      | Gained mutation: You have sharp fingernails. [demonic
                  | ancestry]
   257 | D:1      | Reached XP level 2. HP: 15/21 MP: 2/2
   259 | D:1      | Quit the game

Illustrated notes

Levels and vault maps discovered:
D:1:      erik_arrival_orb_chamber, layout_rooms, minmay_misc_feat_rows

Skill      XL: |  1 |
---------------+----+-----
Shields        | 2 |  2.0
Fighting       | |  1.3
Maces & Flails | |  4.5
Armour         | |  0.5
Dodging        | |  0.5
Unarmed Combat | |  1.7

Action                   || total
-------------------------++-------
Melee: Mace              ||    20
Armor: Robe              ||     5
Dodge: Dodged            ||    14
Block: Buckler           ||     2
